 Dungeon Crawl Stone Soup version 0.32-a0-932-g546787307d (console) character file.

Game seed: 4572360137606971215

3018 Lightli the Digger (level 9, 0/62 HPs)
             Began as an Armataur Alchemist on Apr 20, 2024.
             Was a Believer of Vehumet.
             Slain by an orc warrior
             ... wielding a +0 trident
              (3 damage)
             ... in a bailey.
             The game lasted 00:09:13 (7441 turns).

Lightli the Digger (Armataur Alchemist)             Turns: 7441, Time: 00:09:15

Health: 0/62       AC:  6    Str: 14    XL:     9   Next: 55%
Magic:  4/18       EV:  8    Int: 17    God:    Vehumet [**....]
Gold:   354        SH:  0    Dex: 11    Spells: 1/20 levels left

rFire   . . .        l - staff of earth
rCold   . . .        (no shield)
rNeg    . . .        a - +0 robe
rPois   .            (no helmet)
rElec   .            i - +1 cloak
rCorr   .            (no gloves)
SInv    .            (no barding)
Will    +....        s - amulet of regeneration
Stlth   ++           c - ring of willpower
HPRegen 1.10/turn    g - ring of flight
MPRegen 0.16/turn

%: roll
@: flying, very slightly contaminated
A: large, deformed body, tough skin 3, armoured tail, rollpage 2, talons 1,
dopey 1, noise suppression
a: Renounce Religion


You were in a bailey.
You worshipped Vehumet.
Vehumet was pleased with you.
You visited 2 branches of the dungeon, and saw 8 of its levels.
You also visited: Bailey.

You collected 354 gold pieces.

Inventory:

Missiles
 f - 2 curare-tipped darts
Armour
 a - a +0 robe (worn)
 i - a +1 cloak (worn)
 x - a +2 kite shield
Magical Staves
 l - a staff of earth (weapon)
 q - a staff of alchemy
Jewellery
 c - a ring of willpower (left hand)
 g - a ring of flight (right hand)
 r - an amulet of the acrobat
 s - an amulet of regeneration (around neck)
 C - an amulet of reflection
Wands
 m - a wand of charming (4)
 w - a wand of iceblast (10)
 D - a wand of flame (15)
 E - a wand of light (12)
Scrolls
 d - 3 scrolls of identify {unknown}
 e - a scroll of blinking {unknown}
 j - 2 scrolls of revelation {unknown}
 k - 5 scrolls of fog {unknown}
 n - 2 scrolls of immolation {unknown}
 o - a scroll of enchant armour {unknown}
 p - 2 scrolls of noise {unknown}
 t - 2 scrolls of poison {unknown}
 y - a scroll of vulnerability {unknown}
 z - a scroll of teleportation {unknown}
Potions
 b - 3 potions of magic
 h - a potion of cancellation
 u - a potion of attraction {unknown}
 v - a potion of lignification {unknown}
 A - 2 potions of curing {unknown}
 B - a potion of berserk rage
 F - a potion of heal wounds


   Skills:
 - Level 1.3 Dodging
 - Level 2.1 Stealth
 - Level 6.0 Spellcasting
 - Level 0.8 Conjurations
 + Level 7.9 Earth Magic
 - Level 7.3 Alchemy


You had one spell level left.
You knew the following spells:

 Your Spells              Type           Power      Damage    Failure   Level
a - Sting                 Conj/Alch      76%        1d7       2%          1
b - Olgreb's Toxic Radia  Alch           30%        N/A       6%          4
c - Mercury Vapours       Alch/Air       34%        N/A       4%          2
d - Sandblast             Erth           96%        2d20      1%          1
e - Sticky Flame          Fire/Alch      17%        2d5       28%         4
f - Mephitic Cloud        Conj/Alch/Air  14%        N/A       13%         3
g - Fulminant Prism       Conj/Alch      9%         3d7       24%         4

Your spell library contained the following spells:

 Spells                   Type           Power      Damage    Failure   Level
 Foxfire                  Conj/Fire      24%        2x1d5     11%         1
 Teleport Other           Tloc           5%         N/A       36%         3
 Tukima's Dance           Hex            5%         N/A       36%         3
 Volatile Blastmotes      Fire/Tloc      10%        2d10      36%         3
 Yara's Violent Unravell  Hex/Alch       8%         3d5       61%         5
 Iskenderun's Mystic Bla Conj/Tloc 6%             2d4        (+2d1     71%         4
 Dimensional Bullseye     Hex/Tloc       2%         N/A       77%         4
 Passage of Golubria      Tloc           5%         N/A       77%         4
 Dispersal                Tloc           2%         N/A       100%        6
 Gell's Gavotte           Tloc           2%         2d(12-18) 100%        6


Dungeon Overview and Level Annotations

Branches:
Dungeon (7/15)             Temple (1/1) D:4          Bailey (1/1)

Altars:
Cheibriados
Elyvilon
Fedhas
Gozag
Kikubaaqudgha
Makhleb
Nemelex Xobeh
Okawaru
Ru
Sif Muna
Trog
Uskayaw
Vehumet
Xom
Yredelemnul
Zin
The Shining One

Annotations:
D:3 1 runed translucent door, Crazy Yiuf


Innate Abilities, Weirdness & Mutations

Armour fits poorly on your strangely shaped body.
You have extremely tough skin. (AC +3)
You have a long armoured tail.
You regenerate magic and health when rolling toward enemies. (Rampage Regen)
You have sharp toenails.
You are dopey. (Int -2)
You passively dampen the noise of your surroundings.


Message History

Press: ? - help, Shift-Dir - straight line, f/p - orc warrior
Aim: an orc warrior, wielding a +0 glaive and wearing a +0 plate armour (severely wounded, extremely poisoned, chance to affect: 81%)
You miscast Mephitic Cloud.
Nothing appears to happen.
The orc warrior hits you from afar with a +0 glaive.
* * * LOW HITPOINT WARNING * * *
Aiming: Iceblast
Press: ? - help, Shift-Dir - straight line, f/p - orc warrior
Aim: an orc warrior, wielding a +0 glaive and wearing a +0 plate armour (severely wounded, extremely poisoned)
The mass of ice explodes!
The iceblast engulfs the orc warrior.
The orc warrior is almost dead.
The orc warrior hits you from afar with a +0 glaive!
* * * LOW HITPOINT WARNING * * *
Aiming: Iceblast
Press: ? - help, Shift-Dir - straight line, f/p - orc warrior
Aim: an orc warrior, wielding a +0 glaive and wearing a +0 plate armour (almost dead, very poisoned)
The mass of ice explodes!
The iceblast engulfs the orc warrior!
You kill the orc warrior!
Vehumet accepts your kill.
Okay, then.
Hit: l) staff of earth
Press: ? - help, Dir - move target, f - you
Okay, then.
Aiming: Charm
Press: ? - help, Shift-Dir - straight line, f - orc warrior
Aim: an orc warrior, wielding a +0 trident and wearing a +0 plate armour (heavily wounded, very poisoned, chance to affect: 49%)
The orc warrior resists with some effort.
The orc warrior hits you from afar with a +0 trident!
* * * LOW HITPOINT WARNING * * *
Aiming: Charm
Press: ? - help, Shift-Dir - straight line, f/p - orc warrior
Aim: an orc warrior, wielding a +0 trident and wearing a +0 plate armour (heavily wounded, very poisoned, chance to affect: 49%)
The orc warrior resists with some effort.
The orc warrior hits you from afar with a +0 trident.
* * * LOW HITPOINT WARNING * * *
Aiming: Charm
Press: ? - help, Shift-Dir - straight line, f/p - orc warrior
Aim: an orc warrior, wielding a +0 trident and wearing a +0 plate armour (heavily wounded, very poisoned, chance to affect: 49%)
The orc warrior resists with some effort.
The orc warrior hits you from afar with a +0 trident.
You die...

.$.
≈≈≈.≈≈≈..#+...##..~.#
#.##
§.....≈≈..##.##..~~.#
+#
...⌠...≈≈..#+#..~~.##
..⌠∩⌠...... #..~~.∩#
≈...§o§≈.. ##.)~~.#
≈≈§≈§≈§.. ##.)~.#
....§§§.# ##.~.# ###
#o#########.~.# #...
##.@........~.#
#.∩.##.)~~~~~~~~~~.#
##..~~..........#
#.)~~..##########
~.....~~..##
~~~~~~~..##
........## #########


You could see an orc warrior (very poisoned).

Vanquished Creatures
  Jeremiah (D:7)
  Prince Ribbit (D:6)
  Sigmund (D:3)
  Eustachio (D:6)
  3 orc warriors (Bailey)
  An ice beast (D:6)
  2 black bears (D:5)
  6 ogres
  A phantom (D:5)
  2 kobold brigands
  2 bullfrogs (D:7)
  A wight (D:5)
  2 bombardier beetles
  4 hounds
  2 orc priests (D:5)
  3 jellies
  A sleepcap (D:5)
  Jessica (D:3)
  2 iguanas
  3 orc wizards (D:5)
  5 adders
  A shadow imp (D:7)
  6 ufetubi
  2 ribbon worms (D:2)
  3 dart slugs
  20 orcs
  3 ball pythons
  7 endoplasms
  A giant cockroach (D:1)
  7 goblins
  5 hobgoblins
  3 jackals (D:2)
  14 kobolds
  A quokka (D:3)
  3 bats (D:2)
  3 frilled lizards
  4 rats
128 creatures vanquished.

Vanquished Creatures (collateral kills)
  2 scorpions (D:5)
  2 orcs (D:5)
4 creatures vanquished.

Vanquished Creatures (others)
  A wight (D:5)
  A fulminant prism (D:7)
2 creatures vanquished.

Grand Total: 134 creatures vanquished

Notes
Turn   | Place    | Note
-------+----------+-------------------------------------------
     0 | D:1      | Lightli the Armataur Alchemist began the quest for the Orb.
     0 | D:1      | Reached XP level 1. HP: 14/14 MP: 3/3
   379 | D:1      | Reached XP level 2. HP: 20/20 MP: 2/4
  1232 | D:2      | Reached XP level 3. HP: 26/26 MP: 2/5
  2078 | D:3      | Noticed Sigmund
  2083 | D:3      | Learned a level 2 spell: Mercury Vapours
  2145 | D:3      | Noticed Jessica
  2160 | D:3      | Killed Jessica
  2161 | D:3      | Reached XP level 4. HP: 31/33 MP: 2/6
  2404 | D:3      | Reached skill level 5 in Alchemy
  2719 | D:3      | Killed Sigmund
  2720 | D:3      | Reached XP level 5. HP: 30/38 MP: 1/8
  2720 | D:3      | Reached XP level 6. HP: 36/45 MP: 1/9
  3099 | D:3      | Found a runed translucent door.
  3100 | D:3      | Noticed Crazy Yiuf
  3194 | D:4      | Found a staircase to the Ecumenical Temple.
  3211 | Temple   | Entered the Ecumenical Temple
  3217 | Temple   | Became a worshipper of Vehumet
  3417 | D:4      | Found an opulent altar of Gozag.
  3915 | D:5      | Entered Level 5 of the Dungeon
  3989 | D:5      | Gained mutation: You regenerate magic and health when
                  | rolling toward enemies. (Rampage Regen) [Armataur growth]
  3989 | D:5      | Reached XP level 7. HP: 50/50 MP: 8/13
  4111 | D:4      | Learned a level 4 spell: Olgreb's Toxic Radiance
  4696 | D:5      | Reached skill level 5 in Spellcasting
  4700 | D:5      | Gained mutation: You passively dampen the noise of your
                  | surroundings. [potion of mutation]
  4700 | D:5      | Gained mutation: You are dopey. (Int -2) [potion of
                  | mutation]
  4700 | D:5      | Gained mutation: You have sharp toenails. [potion of
                  | mutation]
  5038 | D:5      | Reached XP level 8. HP: 57/57 MP: 9/17
  5109 | D:5      | Reached * piety under Vehumet
  5109 | D:5      | Offered knowledge of Sandblast by Vehumet.
  5128 | D:5      | Learned a level 1 spell: Sandblast
  5239 | D:5      | Reached skill level 1 in Earth Magic
  5427 | D:5      | Learned a level 4 spell: Sticky Flame
  5809 | D:6      | Noticed Prince Ribbit
  5820 | D:6      | Killed Prince Ribbit
  6088 | D:6      | Reached skill level 5 in Earth Magic
  6201 | D:6      | Reached XP level 9. HP: 62/62 MP: 9/18
  6553 | D:6      | Noticed Eustachio
  6560 | D:6      | Killed Eustachio
  6783 | D:7      | Learned a level 3 spell: Mephitic Cloud
  6788 | D:7      | Learned a level 4 spell: Fulminant Prism
  6923 | D:7      | Reached ** piety under Vehumet
  6923 | D:7      | Offered knowledge of Foxfire by Vehumet.
  7041 | D:7      | Noticed Jeremiah
  7058 | D:7      | Killed Jeremiah
  7066 | D:7      | Found a flagged portal.
  7189 | Bailey   | Entered a bailey
  7434 | Bailey   | HP: 1/62 [orc warrior/+0 glaive (15)]
  7439 | Bailey   | HP: 2/62 [orc warrior/+0 trident (7)]
  7441 | Bailey   | Slain by an orc warrior

Illustrated notes

Levels and vault maps discovered:
D:1:      saegor_arrival_under_anarchy, layout_basic
D:2:      layout_basic, palyth_stone_intersect, nicolae_figureground_sparkle
D:3:      layout_basic, uniq_jessica, uniq_crazy_yiuf_cottage, uniq_sigmund
D:4:      layout_basic, kennysheep_mini_moat, minmay_temple_entry_waves
D:5:      cheibrodos_fzero, layout_cave_pods
D:6:      layout_loops_ring, uniq_eustachio, uniq_prince_ribbit1
D:7:      layout_rooms, enter_bailey_2, uniq_jeremiah, uniq_joseph
Temple:   nicolae_temple_x_marks_the_god
Bailey:   bailey_polearm_1, bailey

Skill      XL: |  1  2  3  4  5  6  7  8  9 |
---------------+----------------------------+-----
Alchemy        | 3 4 6 7 |  7.3
Spellcasting   | 2 4 6 |  6.0
Earth Magic    | 5 7 |  7.9
Dodging        | |  1.3
Stealth        | |  2.1
Conjurations   | |  0.8

Action                     |  1- 3 |  4- 6 |  7- 9 || total
---------------------------+-------+-------+-------++-------
  Melee: Unarmed           |    24 |       |       ||    24
         Tailslap          |     1 |     6 |     5 ||    12
         Staff             |     7 |    35 |    40 ||    82
         Kick              |       |       |     6 ||     6
   Cast: Sting             |    71 |    75 |   134 ||   280
         Olgreb's Toxic Ra |       |       |    32 ||    32
         Mercury Vapours   |       |       |     1 ||     1
         Sandblast         |       |       |     5 ||     5
         Sticky Flame      |       |       |     3 ||     3
         Mephitic Cloud    |       |       |     1 ||     1
         Fulminant Prism   |       |       |     1 ||     1
  Evoke: Wand              |       |       |    12 ||    12
    Use: Potion            |       |     3 |     6 ||     9
   Stab: Sleeping          |     1 |       |       ||     1
 Armour: Robe              |    65 |    44 |   130 ||   239
  Dodge: Dodged            |    36 |    21 |    47 ||   104

Table legend: (Time is in decaauts)
 A = Elapsed time spent in this place.
 B = Non-inter-level travel time spent in this place.
 C = Inter-level travel time spent in this place.
 D = Time resting spent in this place.
 E = Time spent auto-exploring this place.
 F = Levels seen in this place.
 G = Mean time per level.
                   A        B        C        D        E       F      G
               +--------+--------+--------+--------+--------+-----+--------+
         Total |   7493 |   7215 |    278 |    283 |   5797 |   9 |  832.6 |
       Dungeon |   7228 |   6960 |    268 |    283 |   5625 |   7 | 1032.6 |
        Temple |     12 |      2 |     10 |      0 |      0 |   1 |   12.0 |
        Bailey |    251 |    251 |      0 |      0 |    172 |   1 |  251.0 |
               +--------+--------+--------+--------+--------+-----+--------+

Top non-repeatable levels by time:
     D:5: 1893 daAuts
     D:3: 1128 daAuts
     D:1: 1067 daAuts
     D:2: 993 daAuts
     D:6: 968 daAuts
     D:4: 721 daAuts
     D:7: 456 daAuts
  Bailey: 251 daAuts
  Temple: 12 daAuts
